Map: Emerald City LE

Players

Massa

  • Race: Terran Terran
  • League: Gold
  • Spawn Location: 5:00

qqq

  • Race: Zerg Zerg
  • Spawn Location: 5:00

IceCreamMan - Winner!

  • Race: Protoss Protoss
  • Spawn Location: 11:00

ZlaGaD - Winner!

  • Race: Protoss Protoss
  • League: Platinum
  • Spawn Location: 11:00

VOD

Have the link to the VOD?

Description

Time

  • Played on: June 23, 2020, 3:39 p.m.
  • Length: 8:02
Show
View Real Time Build Order
Export as new Build Order

Massa Terran 

Build Orders:  

Get SALT Encoding   

  12  0:07  SCV  
  13  0:18  Supply Depot  
  13  0:19  SCV  
  14  0:31  SCV  
  15  0:42  Barracks  
  15  0:43  SCV  
  16  1:18  Command Center  
  16  1:20  SCV  
  17  1:33  Marine  
  18  1:51  Marine  
  19  1:59  SCV  
  20  2:05  Refinery  
  20  2:06  Refinery  
  20  2:12  SCV  
  20  2:13  Barracks  
  21  2:22  Marine  
  22  2:24  SCV  
  23  2:36  SCV  
  24  2:38  Supply Depot  
  24  2:39  Marine  
  24  2:40  SCV  
  26  2:48  SCV  
  27  2:52  SCV  
  28  3:01  Orbital Command  
  28  3:04  SCV  
  29  3:06  Marine x2  
  31  3:16  SCV, Factory  
  32  3:25  Barracks Tech Lab  
  32  3:35  Barracks  
  32  3:37  Marine  
  33  3:43  SCV x2  
  35  3:49  Marauder  
  35  3:54  Stimpack  
  35  3:55  SCV, Marine  
  39  4:00  Factory Tech Lab  
  39  4:08  SCV x2  
  41  4:11  Marauder  
  41  4:13  Marine  
  44  4:20  SCV  
  45  4:30  Marine, Supply Depot  
  46  4:36  Supply Depot  
  46  4:39  SCV x2, Marauder, Siege Tank  
  46  4:40  Supply Depot  
  53  4:46  Supply Depot  
  53  4:51  Barracks Reactor  
  53  5:00  Marauder  
  37  5:22  Marauder  
  30  5:40  SCV x2  
  30  5:43  Marauder  
  32  5:52  SCV x2  
  34  6:04  Marauder  
  23  7:34  SCV  
  24  7:46  SCV  
Show
View Real Time Build Order
Export as new Build Order

qqq Zerg 

Build Orders: Hatch First 

Get SALT Encoding   

  12  0:03  Drone  
  13  0:08  Drone  
  14  0:35  Hatchery  
  13  0:51  Spawning Pool  
  12  0:58  Overlord  
  12  1:02  Drone  
  13  1:06  Drone  
  14  1:17  Drone  
  15  1:21  Drone  
  16  1:32  Drone  
  17  1:39  Extractor  
  16  1:40  Roach Warren  
  16  1:42  Drone  
  16  1:48  Queen  
  18  1:57  Drone  
  18  1:58  Drone  
  18  1:59  Drone  
  21  2:04  Drone  
  22  2:13  Queen  
  24  2:18  Drone  
  24  2:22  Roach  
  27  2:26  Drone  
  28  2:31  Overlord  
  28  2:39  Extractor  
  28  2:41  Drone  
  28  2:47  Overlord  
  28  2:49  Roach  
  32  2:51  Roach  
  32  2:59  Drone  
  32  3:00  Roach  
  35  3:08  Roach  
  35  3:09  Drone, Roach  
  40  3:13  Roach  
  42  3:20  Overlord  
  42  3:25  Roach  
  44  3:33  Overlord  
  44  3:39  Lair  
  44  3:42  Drone  
  44  3:45  Drone  
  46  3:49  Roach  
  46  3:54  Drone  
  49  3:57  Roach  
  49  4:02  Drone x2  
  53  4:04  Drone  
  53  4:09  Roach  
  56  4:12  Roach  
  56  4:16  Roach  
  60  4:20  Overlord  
  60  4:25  Overlord  
  60  4:29  Overlord  
  60  4:37  Overlord  
  60  4:38  Glial Reconstitution  
  60  4:43  Roach  
  60  4:45  Roach  
  64  4:47  Drone  
  64  4:49  Drone  
  66  4:53  Roach  
  66  4:55  Roach  
  66  4:59  Roach  
  72  5:02  Roach  
  72  5:07  Overseer  
  74  5:11  Spore Crawler  
  64  5:23  Overseer  
  58  5:38  Drone x4  
  58  5:39  Drone x3  
  62  5:56  Spore Crawler  
  61  6:04  Drone x2  
  27  7:24  Spine Crawler  
  26  7:30  Spore Crawler  
  26  7:32  Drone  
Show
View Real Time Build Order
Export as new Build Order

IceCreamMan Protoss - Winner!

Build Orders: Dark Templar Rush 

Get SALT Encoding   

  12  0:04  Probe  
  13  0:16  Probe  
  13  0:18  Pylon  
  14  0:27  Probe  
  14  0:35  Probe  
  16  0:43  Probe  
  16  0:45  Gateway  
  17  0:55  Probe  
  18  1:07  Probe  
  19  1:19  Probe  
  19  1:20  Pylon  
  19  1:24  Assimilator  
  20  1:31  Probe  
  21  1:37  Cybernetics Core  
  21  1:47  Probe  
  22  1:54  Warp Gate  
  22  1:55  Probe, Assimilator  
  22  2:03  Probe  
  23  2:08  Nexus  
  23  2:33  Gateway  
  23  2:41  Pylon  
  23  2:51  Twilight Council  
  23  2:53  Probe  
  24  3:01  Assimilator  
  24  3:05  Probe  
  25  3:06  Pylon  
  25  3:17  Probe  
  25  3:19  Gateway  
  26  3:28  Dark Shrine  
  26  3:29  Probe  
  27  3:42  Probe  
  27  3:43  Pylon  
  28  3:49  Gateway  
  28  3:51  Probe  
  29  3:59  Probe  
  29  4:04  Assimilator  
  30  4:15  Probe  
  30  4:16  Probe  
  32  4:23  Probe  
  33  4:32  Probe  
  34  4:41  Dark Templar x3  
  34  4:43  Probe  
  39  5:41  Dark Templar x3  
  43  6:23  Dark Templar x3  
  43  6:24  Dark Templar  
  43  6:56  Stalker x2  
  43  6:57  Stalker x2  
  33  7:22  Dark Templar  
  19  7:30  Probe  
  11  7:38  Probe  
  12  7:48  Probe  
  13  8:01  Nexus  
Show
View Real Time Build Order
Export as new Build Order

ZlaGaD Protoss - Winner!

Build Orders: Oracle Opening, Zealot Archon 

Get SALT Encoding   

  12  0:02  Probe  
  13  0:14  Probe  
  14  0:22  Pylon  
  14  0:26  Probe  
  15  0:40  Probe  
  16  0:43  Gateway  
  16  0:48  Assimilator  
  16  0:52  Probe  
  17  1:03  Assimilator  
  17  1:04  Probe  
  18  1:16  Probe  
  19  1:28  Probe  
  19  1:30  Cybernetics Core  
  20  1:36  Pylon  
  20  1:41  Probe  
  21  1:50  Probe  
  22  1:58  Probe  
  22  2:03  Nexus  
  22  2:07  Probe  
  22  2:08  Warp Gate  
  23  2:15  Stargate  
  24  2:19  Probe  
  25  2:24  Stalker  
  25  2:31  Probe  
  28  2:43  Probe  
  29  2:47  Pylon  
  29  2:55  Probe, Oracle  
  30  3:07  Probe, Pylon  
  34  3:19  Probe  
  35  3:21  Pylon  
  35  3:23  Probe, Oracle  
  40  3:34  Probe  
  40  3:38  Probe  
  41  3:46  Probe, Twilight Council  
  42  3:50  Probe  
  42  3:52  Assimilator  
  43  3:57  Zealot  
  43  3:58  Probe  
  43  4:02  Probe  
  47  4:10  Probe, Pylon  
  47  4:14  Probe  
  47  4:15  Charge  
  49  4:22  Probe  
  50  4:25  Assimilator  
  50  4:26  Probe  
  50  4:30  Shield Battery  
  51  4:34  Probe  
  52  4:38  Gateway  
  52  4:39  Probe  
  52  4:41  Gateway  
  53  4:46  Probe  
  53  4:51  Probe  
  55  4:59  Probe  
  56  5:03  Probe  
  57  5:11  Probe  
  58  5:15  Probe  
  58  5:16  Zealot  
  58  5:21  Shield Battery  
  61  5:23  Probe  
  61  5:27  Probe, Gateway  
  63  5:30  Gateway  
  63  5:35  Probe  
  64  5:44  Gateway  
  64  5:47  Zealot x3  
  70  5:55  Pylon  
  70  5:58  Pylon  
  70  6:00  Pylon  
  70  6:02  Pylon  
  70  6:12  Templar Archives, Nexus  
  70  6:14  Probe, Pylon  
  71  6:20  Pylon  
  71  6:22  Zealot x4  
  74  6:35  Zealot  
  74  6:38  Stalker  
  63  6:43  Zealot x4  
  37  7:07  Zealot x2  
  37  7:08  Zealot x4  
  49  7:24  High Templar x3  
  49  7:25  High Templar  
  49  7:28  Archon x2  
  57  7:31  High Templar x2  
  57  7:35  Archon  
Tags
 
Add a new tag
Caveats
  • Supply blocks, unpowered buildings, or Contaminate may cause inaccurate times.
  • Supply counts are checked every 10 seconds.